 Dungeon Crawl Stone Soup version 0.17.0 (webtiles) character file.

14768408 Senshi the Heavyweight Champion (level 27, 320/320 (323) HPs)
             Began as a Troll Monk on Nov 25, 2015.
             Was the Champion of the Shining One.
             Escaped with the Orb
             ... and 15 runes on Nov 26, 2015!
             The game lasted 07:16:12 (107054 turns).

Senshi the Heavyweight Champion (Troll Monk)      Turns: 107054, Time: 07:16:12

HP:   320/320 (323) AC: 37    Str: 32    XL:     27
MP:   43/43         EV: 23    Int:  1    God:    the Shining One [******]
Gold: 10691         SH:  0    Dex: 21    Spells: 0 memorised, 26 levels left

rFire  . . .     SeeInvis .     A - +9 giant spiked club (holy)
rCold  + . .     Clarity  .     d - +9 pearl dragon armour
rNeg   + + +     SustAt   +     (shield currently unavailable)
rPois  .         Gourm    +     n - +2 hat {MR+}
rElec  .         Spirit   .     T - +0 cloak "Mommet" {-Cast +Blink rN+++ Regen+}
rCorr  +         Warding  .     (gloves unavailable)
rMut   .         Stasis   .     (boots unavailable)
MR     ++++.     NoCast   +     D - amulet "Ubemn" {rCorr MP+9 Str+2 Int-3 Slay+6}
Stlth  ..........               N - ring "Holuur" {SustAt rC+ Str+5}
                                w - ring "Lioffuad" {+Fly rN+ MP+9 Slay+3}

@: glowing, incredibly resistant to hostile enchantments, extremely unstealthy
A: unfitting armour, claws 3, hooves 1, blurry vision 2, breathe flames 1, dopey
1, fast metabolism 3, gourmand, low mp 2, magic resistance 1, sense surroundings
1, regeneration 2, shaggy fur 1, tough skin 2, weak 1, subdued magic 1,
MP-powered wands
a: Divine Shield, Cleansing Flame, Summon Divine Warrior, Renounce Religion,
Breathe Fire, Evoke Blink, Evoke Flight
0: Orb of Zot
}: 15/15 runes: barnacled, slimy, silver, golden, iron, obsidian, icy, bone,
abyssal, demonic, glowing, magical, fiery, dark, gossamer


You escaped.
You worshipped the Shining One.
The Shining One was exalted by your worship.
You were very full.

You visited 18 branches of the dungeon, and saw 94 of its levels.
You visited Pandemonium 1 time, and saw 34 of its levels.
You visited the Abyss 3 times.
You visited 1 bazaar.
You also visited: Labyrinth.

You collected 14832 gold pieces.
You spent 3863 gold pieces at shops.

Inventory:

Hand Weapons
 A - a +9 giant spiked club of holy wrath (weapon)
Missiles
 P - 113 large rocks (quivered)
Armour
 d - a +9 pearl dragon armour (worn)
 n - a +2 hat of magic resistance (worn)
 T - the +0 cloak "Mommet" (worn) {-Cast +Blink rN+++ Regen+}
   (Okawaru gifted it to you on level 4 of the Orcish Mines)

   It renders you almost immune to negative energy.
   It lets you blink.
   It prevents spellcasting.
   It increases your rate of regeneration.
Jewellery
 a - the amulet of the Firefly {rMut MR- Int-2 Dex+4 Stlth+}
   (You found it on level 15 of the Dungeon)

   [amulet of resist mutation]

   It protects you from mutation.
   It affects your intelligence (-2).
   It affects your dexterity (+4).
   It affects your resistance to hostile enchantments.
   It makes you more stealthy.
 i - the ring "Zopapeh" {rF++ Dex+2 SInv}
   (You bought it in a shop on level 15 of the Dungeon)

   [ring of see invisible]

   It affects your dexterity (+2).
   It greatly protects you from fire.
   It lets you see invisible.
 r - a cursed -3 ring of intelligence {unknown}
 s - an uncursed ring of teleportation
 w - the ring "Lioffuad" (left claw) {+Fly rN+ MP+9 Slay+3}
   (You found it on level 3 of the Tomb of the Ancients)

   [ring of flight]

   It affects your accuracy and damage with ranged weapons and melee attacks
   (+3).
   It protects you from negative energy.
   It affects your magic capacity (+9).
   It lets you fly.
 y - the ring "Qonol" {rC+ Dex+7}
   (You found it in Pandemonium)

   [ring of protection from cold]

   It affects your dexterity (+7).
   It protects you from cold.
 D - the amulet "Ubemn" (around neck) {rCorr MP+9 Str+2 Int-3 Slay+6}
   (You took it off a deep elf fighter on level 3 of the Elven Halls)

   [amulet of resist corrosion]

   It protects you from acid and corrosion.
   It affects your strength (+2).
   It affects your intelligence (-3).
   It affects your accuracy and damage with ranged weapons and melee attacks
   (+6).
   It affects your magic capacity (+9).
 I - the ring "Esoiliaj" {+Blink rN+ Str+6 Dex+2 Stlth+}
   (You found it on level 7 of the Iron City of Dis)

   [ring of dexterity]

   It affects your strength (+6).
   It affects your dexterity (+2).
   It protects you from negative energy.
   It lets you blink.
   It makes you more stealthy.
 J - the ring "Abiez" {rF+ rC+}
   (You found it on level 7 of Cocytus)

   [ring of protection from fire]

   It protects you from fire.
   It protects you from cold.
 N - the ring "Holuur" (right claw) {SustAt rC+ Str+5}
   (You took it off a minotaur in a labyrinth)

   [ring of sustain attributes]

   It sustains your strength, intelligence and dexterity.
   It affects your strength (+5).
   It protects you from cold.
Wands
 k - a wand of disintegration (16)
 v - a wand of digging (12)
 C - a wand of heal wounds (6)
 U - a wand of teleportation (3)
 Z - a wand of teleportation (0)
Scrolls
 g - 35 scrolls of remove curse
 h - 12 scrolls of fog
 p - a scroll of identify
 q - a scroll of magic mapping
 x - 7 scrolls of blinking
 z - 4 scrolls of summoning
 E - 7 scrolls of teleportation
 G - 11 scrolls of recharging
 L - 3 scrolls of silence
 R - 3 scrolls of fear
 Y - 4 scrolls of holy word
Potions
 e - 5 potions of curing
 j - 5 potions of cancellation
 m - a potion of haste
 u - 5 potions of berserk rage
 B - 8 potions of agility
 H - 2 potions of magic
 K - 5 potions of might
 Q - 4 potions of heal wounds
 W - 3 potions of flight
Miscellaneous
 c - an ornate deck of wonders {Dowsing}
 f - an ornate deck of summoning {Repulsiveness}
 l - a plain deck of wonders {the Alchemist}
 t - a plain deck of summoning {the Illusion, drawn: 2}
 F - 4 phantom mirrors
 O - a plain deck of wonders {Wild Magic}
 S - a plain deck of summoning {Repulsiveness}
Comestibles
 b - 35 bread rations


   Skills:
 O Level 27 Fighting
 - Level 26.0 Maces & Flails
 - Level 0.5 Throwing
 + Level 24.3 Armour
 + Level 17.8 Dodging
 - Level 1.1 Stealth
   Level 15.0 Shields
 O Level 27 Unarmed Combat
 - Level 13.5 Invocations


You had 26 spell levels left.
You didn't know any spells.

Dungeon Overview and Level Annotations

Branches:
Dungeon (15/15)            Temple (1/1) D:7            Lair (8/8) D:9
 Shoals (4/4) Lair:3       Spider (4/4) Lair:5        Slime (6/6) Lair:7
    Orc (4/4) D:12            Elf (3/3) Orc:4        Vaults (5/5) D:14
  Crypt (3/3) Vaults:3       Tomb (3/3) Crypt:3      Depths (5/5) D:15
   Hell (1/1)                 Dis (7/7) Hell            Geh (7/7) Hell
    Coc (7/7) Hell            Tar (7/7) Hell            Zot (5/5) Depths:5

Altars:
Ashenzari
Cheibriados
Dithmenos
Elyvilon
Fedhas
Gozag
Kikubaaqudgha
Makhleb
Nemelex Xobeh
Okawaru
Qazlal
Ru
Sif Muna
Trog
Vehumet
Xom
Yredelemnul
Zin
The Shining One
Beogh

Shops:
D:6 :   D:8 [   D:9 [   D:10 !   D:11 }   D:15 =[!=   Orc:4 ?[[}   Vaults:1 *:!
Vaults:2 [   Vaults:4 ([*[   Depths:2 :   Depths:5 (=*

Portals:
Hell: Depths:1 Depths:2 Depths:3 Depths:4 Depths:5
Abyss: Depths:1 Depths:2 Depths:4
Pandemonium: Depths:3 Depths:4 Depths:5
Ziggurat: Depths:5
Trove: D:14 (give wand of hasting (8))


Innate Abilities, Weirdness & Mutations

You are too large for most types of armour.
You have claws for hands.
Your metabolism is lightning-fast.
You like to eat raw meat.
You heal very quickly.
You are covered in fur (AC +1).
You have very tough skin (AC +2).
You have large cloven feet.
Scrolls take you longer to read.
You can breathe flames.
You are dopey. (Int -2)
Your magical capacity is very low (-20% MP).
You are resistant to hostile enchantments.
You passively map a small area around you.
You are weak. (Str -2)
Your spells are a little easier to cast, but a little less powerful.
You expend magic power (3 MP) to strengthen your wands.


Message History

You kill the hellwing!
The Shining One accepts your kill.
No target in view!
There is an open door here.
A sixfirhy comes into view.
A sixfirhy comes into view.
The sixfirhy closely misses you. The sixfirhy completely misses you.
The sixfirhy closely misses you.
You completely miss the sixfirhy. Your kick misses the sixfirhy.
You bludgeon the sixfirhy!!
The sixfirhy convulses!!!
You kill the sixfirhy!
The Shining One accepts your kill.
You stick the sixfirhy like a pincushion!!!!
You kill the sixfirhy!
The Shining One accepts your kill.
No target in view!
You see here a stone.
There is an open door here.
There is a staircase leading out of the dungeon here.
You have escaped!

# ####.......#.##...# #.......
#).......(.#.##...# #...####
#..........#.##...# #..>#
#....#'###(#.##...# #.#.# #
####....#.###.#......#####.#.# #
........#.....#####........#.# #
........#....##...##########'####
.....#######.#.....# #.....##
.....# #.#..@..# #.....## ######
#.#.....# #.....##
#######.##...## #####....+
##(..##...##'#######...######
#.....#.#.........#.....# #
#.....'.####⌠####.'.....#
#.....### ### ###.....# ##...##
##...## ##### #####


There were no monsters in sight!

Vanquished Creatures
  Cerebov (Pan)
  Antaeus (Coc:7)
  Asmodeus (Geh:7)
  the royal jelly (Slime:6)
  Ereshkigal (Tar:7)
  the Serpent of Hell (Dis:7)
  Mnoleg (Pan)
  Lom Lobon (Pan)
  9 orbs of fire (Zot:5)
  12 pandemonium lords
  Mara (Depths:2)
  Mennas (Vaults:3)
  7 ancient liches
  A juggernaut (Depths:5)
  26 greater mummies
  Sojobo (Depths:2)
  Boris (Crypt:3)
  2 shard shrikes (Coc:5)
  3 Killer Klowns
  Margery (Depths:5)
  Saint Roka (Depths:3)
  3 curse toes
  Geryon (Hell)
  Nikola (Shoals:4)
  7 golden dragons
  A profane servitor (Abyss:4)
  6 bone dragons
  10 Brimstone Fiends
  4 electric golems
  Jorgrun (Shoals:3)
  2 hellephants
  24 tentacled monstrosities
  14 Ice Fiends
  28 Orb Guardians
  8 Hell Sentinels
  15 deep elf blademasters
  11 deep elf master archers
  4 quicksilver dragons
  25 titans
  17 acid blobs
  2 eldritch tentacles
  16 sphinxes
  14 Shadow Fiends
  27 Executioners
  3 octopode crushers (Depths:3)
  Gastronok (D:10)
  12 ancient champions
  2 tentacled starspawn
  Agnes (D:14)
  9 shadow dragons
  Frances (Vaults:1)
  6 death cobs
  Kirke (D:14)
  A sphinx (shapeshifter) (Vaults:5)
  17 storm dragons
  9 liches
  Roxanne (Shoals:3)
  7 tengu reavers
  4 draconian monks
  Ilsuiw (Shoals:4)
  A daeva (Pan)
  Wiglaf (Vaults:2)
  5 revenants
  Donald (Vaults:2)
  8 azure jellies
  22 fire giants
  10 ghost moths
  Maud (Lair:4)
  16 vault wardens
  14 iron dragons
  43 balrugs
  3 draconian knights
  6 draconian scorchers
  27 frost giants
  12 deep elf sorcerers
  Aizul (Depths:2)
  Louise (Depths:1)
  4 curse skulls
  35 cacodemons
  2 orc warlords
  7 warmongers (Pan)
  An angel (Pan)
  8 draconian zealots
  10 emperor scorpions
  44 reapers
  A ghoul (Crypt:3)
  2 spriggan defenders (Vaults:1)
  9 draconian shifters
  23 very ugly things
  15 war gargoyles
  21 ironheart preservers
  2 caustic shrike skeletons
  5 draconian annihilators
  3 draconian callers
  5 blood saints (Pan)
  28 stone giants
  An elemental wellspring (Coc:7)
  9 deep elf demonologists
  14 green draconians
  6 salamander firebrands
  8 chaos champions (Pan)
  19 deep elf annihilators
  7 corrupters (Pan)
  12 black draconians
  6 bennus
  2 salamander stormcallers
  4 vampire knights
  11 purple draconians
  11 red draconians
  9 lorocyprocas
  18 yellow draconians
  18 mottled draconians
  10 white draconians
  12 black suns (Pan)
  23 mummy priests
  22 fire dragons
  4 eidola
  A minotaur (Lab)
  17 jiangshi
  10 deep elf death magi
  7 death oozes
  A minotaur (shapeshifter) (D:13)
  4 merfolk javelineers
  16 blizzard demons
  5 quicksilver dragon zombies
  A kraken zombie (Coc:5)
  13 green deaths (Pan)
  5 merfolk impalers
  12 ogre magi
  13 entropy weavers
  19 ettins
  24 small abominations
  2 fire dragons (shapeshifter) (Depths:4)
  29 vault guards
  8 deep elf high priests
  23 yaktaur captains
  An ice dragon (shapeshifter) (Depths:4)
  12 great orbs of eyes
  9 rakshasas
  5 hell beasts (Pan)
  27 ice dragons
  4 quicksilver dragon skeletons
  8 hydras
  7 monstrous demonspawn (Pan)
  A catoblepas (shapeshifter) (Depths:4)
  11 centaur warriors
  14 spriggan air magi
  6 merfolk aquamancers
  4 merfolk avatars
  3 death knights
  2 satyrs (Shoals:3)
  An alligator snapping turtle (Shoals:4)
  A catoblepas (Lair:8)
  6 deep troll shamans
  3 tengu warriors
  2 titan zombies
  2 thrashing horrors
  18 dancing weapons
  6 death yaks
  7 deep troll earth magi
  Urug (D:10)
  8 spriggan berserkers
  4 vampire magi
  3 storm dragon zombies
  5 orc high priests (Orc:4)
  44 soul eaters
  12 iron golems
  7 hell hogs
  59 sun demons
  80 skeletal warriors
  8 wretched stars
  42 hell knights
  18 shadow wraiths
  3 titan skeletons
  7 wizards
  4 fire crabs
  2 unseen horrors (shapeshifter)
  A golden dragon zombie (Coc:7)
  17 deep elf knights
  5 storm dragon skeletons
  13 iron trolls
  10 giant orange brains
  A spatial maelstrom (Abyss:1)
  58 death scarabs
  A salamander mystic (Depths:4)
  A ghost moth zombie (Geh:7)
  8 gelid demonspawn (Pan)
  32 ice devils
  A swamp dragon (shapeshifter) (Depths:3)
  7 deep elf summoners
  14 sea snakes
  2 unseen horrors
  7 anaconda zombies
  An anubis guard (shapeshifter) (Depths:3)
  21 shadow demons
  33 deep trolls
  9 infernal demonspawn (Pan)
  20 ironbrand convokers
  An orange crystal statue (Zot:5)
  16 flayed ghosts
  17 torturous demonspawn
  4 anaconda skeletons
  2 salamanders
  21 harpies
  4 golden dragon skeletons
  6 wolf spider zombies
  A hill giant (shapeshifter) (Depths:1)
  A cyclops (shapeshifter) (Depths:4)
  10 putrid demonspawn (Pan)
  4 shadow dragon zombies
  16 oklob plants
  An orb spider (shapeshifter) (Depths:1)
  60 ugly things
  6 hill giants
  4 fire giant zombies
  7 anubis guards
  17 griffons
  6 hornets
  5 cyclopes
  A manticore (shapeshifter) (D:15)
  5 frost giant zombies
  11 necromancers
  4 iron dragon zombies
  19 deep elf conjurers
  8 orc sorcerers
  3 human zombies
  13 orc knights
  2 stone giant zombies
  10 water nymphs
  9 fauns (Shoals:3)
  5 shadow dragon skeletons
  31 wolf spiders
  A worldbinder (Abyss:1)
  25 moths of wrath
  10 phantasmal warriors
  29 rust devils
  2 iron dragon skeletons
  15 orb spiders
  2 guardian serpents (shapeshifter)
  8 shining eyes
  2 shock serpent zombies
  22 manticores
  17 elephants
  12 vault sentinels
  5 fire giant skeletons
  6 frost giant skeletons
  4 centaur zombies
  A shining eye (shapeshifter) (Depths:3)
  30 sixfirhies
  7 black mambas
  A stone giant skeleton (Vaults:5)
  2 dire elephant zombies
  Joseph (D:8)
  A human skeleton (Vaults:5)
  An ice statue (Hell)
  12 sirens
  3 gargoyles
  6 torpor snails
  11 molten gargoyles
  20 hellions
  4 dire elephant skeletons
  8 naga magi (Depths:4)
  2 eyes of devastation
  12 spectral swamp worms (Tar:7)
  43 orange demons
  An emperor scorpion zombie (Tar:4)
  13 spiny frogs
  A spriggan zombie (Depths:3)
  19 demonic crawlers
  A yaktaur (shapeshifter) (Vaults:5)
  29 smoke demons
  4 fire drakes
  32 yaktaurs
  A redback zombie (D:14)
  10 komodo dragons
  10 ancient zymes
  An anaconda simulacrum (Coc:6)
  A grey draconian skeleton (Crypt:2)
  10 efreet
  A komodo dragon (shapeshifter) (Depths:3)
  4 kobold demonologists
  11 deep elf priests
  49 guardian mummies
  A fire drake (shapeshifter) (Vaults:2)
  43 red devils
  A yaktaur skeleton (Vaults:5)
  A harpy zombie (Hell)
  A spriggan druid (Lair:8)
  2 minotaur zombies
  19 hellwings
  2 tengu conjurers
  24 two-headed ogres
  22 tormentors
  2 polar bears (Lair:8)
  3 wind drakes
  6 hydra zombies
  23 merfolk
  11 trolls
  20 freezing wraiths
  10 blue devils
  A tarantella zombie (Crypt:2)
  A polar bear (shapeshifter) (Vaults:4)
  26 blink frogs
  30 jumping spiders
  2 ice dragon zombies
  A two-headed ogre (shapeshifter) (Vaults:3)
  A minotaur skeleton (Crypt:2)
  2 ettin zombies
  A guardian serpent zombie (Crypt:1)
  61 large abominations
  A harpy skeleton (Crypt:3)
  A fire giant simulacrum (Depths:3)
  A hydra skeleton (Tar:7)
  An iron dragon simulacrum (Tomb:1)
  4 bog bodies (Coc:7)
  7 boulder beetles
  A satyr zombie (Crypt:2)
  124 slime creatures
  6 snapping turtles
  21 ushabtiu
  3 raiju (Abyss:4)
  2 alligator zombies
  17 wraiths
  5 fire dragon zombies
  6 ice dragon skeletons
  70 flying skulls
  25 trapdoor spiders
  29 tarantellas
  A frost giant simulacrum (Coc:6)
  3 alligator skeletons
  A black mamba zombie (Hell)
  4 fire dragon skeletons
  11 shadows
  12 vampires
  30 ynoxinuls
  64 redbacks
  A trapdoor spider (shapeshifter) (D:14)
  11 air elementals
  3 ettin skeletons
  A giant leech zombie (Crypt:3)
  22 deep elf magi
  An elf simulacrum (Vaults:5)
  A hill giant zombie (Crypt:2)
  2 humans (D:7)
  10 spriggans
  3 hogs (D:14)
  A basilisk (shapeshifter) (Vaults:1)
  28 chaos spawn
  4 fire bats
  A black mamba skeleton (Geh:7)
  25 water elementals
  A wyvern (D:12)
  9 fire elementals
  19 hippogriffs
  8 golden eyes
  A human (shapeshifter) (Vaults:4)
  3 basilisks
  A hippogriff (shapeshifter) (Depths:1)
  5 hungry ghosts
  3 golden eyes (shapeshifter)
  37 neqoxecs
  38 yaks
  A spatial vortex (Abyss:1)
  Menkaure (D:6)
  14 vampire mosquitoes
  2 spiny frog zombies (Coc:7)
  39 wolves
  14 water moccasins
  35 hell hounds
  A faun zombie (Crypt:1)
  37 deep elf fighters
  2 hydra simulacra
  2 soldier ants (D:13)
  9 wargs
  6 sky beasts
  10 wasps
  A monstrous demonspawn skeleton (Crypt:2)
  7 ice beasts
  9 porcupines
  A torturous demonspawn skeleton (Crypt:2)
  27 spiders
  3 phantoms
  3 snapping turtle zombies
  An eye of draining (shapeshifter) (Vaults:3)
  5 black bears
  10 eyes of draining
  20 necrophages
  2 spiny frog skeletons
  A swamp dragon zombie (Dis:7)
  2 manticore zombies
  2 alligator simulacra
  An ice dragon simulacrum (Hell)
  60 orc warriors
  4 snapping turtle skeletons
  53 ogres
  4 boggarts
  A manticore skeleton (Tar:1)
  2 swamp dragon skeletons
  28 centaurs
  4 brain worms (D:14)
  8 big kobolds
  A big kobold (shapeshifter) (Depths:2)
  A vine stalker zombie (Crypt:1)
  13 crocodiles
  An elf zombie (Crypt:1)
  23 giant frogs
  A spiny frog simulacrum (Coc:5)
  A salamander skeleton (Crypt:1)
  A wyvern zombie (D:14)
  A draconian skeleton (Crypt:3)
  4 elf skeletons
  A gnoll sergeant (Orc:4)
  A komodo dragon skeleton (Crypt:3)
  9 scorpions
  5 killer bees (D:14)
  An orc simulacrum (Vaults:2)
  An electric eel (Spider:3)
  46 wights
  A killer bee (shapeshifter) (Elf:3)
  A spriggan skeleton (Crypt:2)
  A troll zombie (Crypt:3)
  A troll skeleton (Tomb:1)
  11 crimson imps
  17 starcursed masses
  A wyvern simulacrum (D:15)
  3 quasits
  10 centaur skeletons
  40 orc wizards
  40 jellies
  13 iguanas
  50 orc priests
  A giant frog zombie (D:12)
  7 hounds
  15 iron imps
  2 porcupine zombies (Crypt:1)
  3 giant frog skeletons
  A killer bee zombie (D:10)
  17 sheep
  7 worker ants
  A crocodile skeleton (Crypt:3)
  A felid skeleton (Crypt:2)
  An ogre skeleton (Tar:7)
  2 hound skeletons
  A hound zombie (D:8)
  57 mummies
  A worker ant zombie (D:10)
  13 adders
  17 shadow imps
  A steam dragon skeleton (Crypt:3)
  49 river rats
  9 white imps
  2 giant eyeballs (Pan)
  An ufetubus (Abyss:1)
  3 adder skeletons
  An iguana zombie (Crypt:1)
  2 oozes
  A sheep zombie (Crypt:1)
  A worm (D:2)
  11 giant geckos
  269 orcs
  2 ball pythons
  6 bats
  9 goblins
  8 hobgoblins
  10 quokkas
  3 giant cockroaches (D:1)
  6 giant newts
  4 jackals
  39 kobolds
  A quokka zombie (D:8)
  10 rats
  A river rat skeleton (Crypt:3)
  10 crawling corpses
  A fire vortex (Abyss:1)
  4 macabre masses (Abyss:3)
  7 plants
  2 starspawn tentacles (Abyss:2)
  A tentacle (Coc:5)
5165 creatures vanquished.

Vanquished Creatures (collateral kills)
  Gloorx Vloq (Pan)
  Dispater (Dis:7)
  A greater mummy (Tomb:1)
  A pandemonium lord (Pan)
  A Brimstone Fiend (Dis:7)
  An Ice Fiend (Coc:7)
  An Orb Guardian (Zot:5)
  2 titans
  A deep elf master archer (Tomb:1)
  A quicksilver dragon (Dis:7)
  2 sphinxes
  A frost giant (Coc:7)
  A warmonger (Pan)
  3 balrugs
  A cacodemon (Pan)
  A reaper (Coc:7)
  A salamander firebrand (Geh:7)
  A deep elf annihilator (Pan)
  A red draconian (Crypt:3)
  A green death (Pan)
  2 blizzard demons
  A quicksilver dragon zombie (Coc:7)
  A quicksilver dragon skeleton (Coc:7)
  2 large abominations (Pan)
  2 hell knights (Geh:7)
  2 iron golems (Dis:7)
  A sun demon (Pan)
  3 skeletal warriors (Crypt:3)
  A giant orange brain (Pan)
  A gelid demonspawn (Pan)
  2 ice devils (Pan)
  A torturous demonspawn (Pan)
  An ugly thing (Pan)
  An anubis guard (Tomb:1)
  2 sixfirhies (Pan)
  A molten gargoyle (Geh:7)
  A smoke demon (Pan)
  2 freezing wraiths
  2 hellwings (Pan)
  2 demonic crawlers (Pan)
  3 red devils (Pan)
  A blue devil (Coc:7)
  An alligator zombie (Coc:7)
  A frost giant simulacrum (Coc:7)
  A wraith (Crypt:3)
  A neqoxec (Pan)
  A snapping turtle zombie (Coc:7)
  A wight (Crypt:3)
  A white imp (Coc:7)
66 creatures vanquished.

Vanquished Creatures (others)
  2 eldritch tentacles
  A fire giant (Crypt:3)
  4 bennus
  An eidolon (Abyss:1)
  A rakshasa (Pan)
  12 ball lightnings (Pan)
  24 death scarabs
  A giant orange brain (Pan)
  An iron dragon skeleton (Tomb:2)
  An octopode (shapeshifter) (Depths:3)
  2 stone giant skeletons (Tomb:2)
  A molten gargoyle (Geh:7)
  2 deep elf magi (Elf:1)
  An ettin skeleton (Geh:7)
  3 flying skulls (Tomb:2)
  A fire dragon skeleton (Geh:7)
  A ynoxinul (Pan)
  A redback (Spider:4)
  A vampire (Geh:6)
  2 wraiths (Geh:7)
  A human (D:14)
  A crocodile (Lair:7)
  A giant frog (D:8)
  A wight (Geh:2)
  A quasit (Abyss:1)
  A centaur zombie (Geh:7)
  An orc wizard (D:6)
  4 mummies (Tomb:2)
  A crawling corpse (Vaults:3)
  191 eldritch tentacle segments
  8 fungi
  5 lost souls
  A lurking horror (Abyss:4)
  41 plants
  2 starspawn tentacle segments (Abyss:2)
  4 tentacles (Coc:5)
  68 tentacle segments (Coc:5)
395 creatures vanquished.

Grand Total: 5626 creatures vanquished

Notes
Turn   | Place    | Note
--------------------------------------------------------------
     0 | D:1      | Senshi the Troll Monk began the quest for the Orb.
     0 | D:1      | Reached XP level 1. HP: 22/22 MP: 0/0
   132 | D:1      | Reached XP level 2. HP: 23/29 MP: 1/1
   840 | D:2      | Reached XP level 3. HP: 36/36 MP: 2/2
   896 | D:2      | Reached skill level 5 in Unarmed Combat
  1471 | D:3      | Reached XP level 4. HP: 36/44 MP: 3/3
  1625 | D:2      | Reached XP level 5. HP: 14/53 MP: 4/4
  1710 | D:3      | Reached skill level 6 in Unarmed Combat
  1754 | D:3      | Found a sparkling altar of Nemelex Xobeh.
  1780 | D:3      | Reached XP level 6. HP: 55/61 MP: 5/5
  2110 | D:4      | Reached skill level 7 in Unarmed Combat
  2429 | D:4      | Reached XP level 7. HP: 70/70 MP: 6/6
  2876 | D:4      | Found an opulent altar of Gozag.
  2877 | D:4      | Found a snail-covered altar of Cheibriados.
  3193 | D:5      | Entered Level 5 of the Dungeon
  3209 | D:5      | Reached skill level 8 in Unarmed Combat
  3414 | D:5      | Reached skill level 9 in Unarmed Combat
  3414 | D:5      | Reached XP level 8. HP: 21/79 MP: 7/7
  3568 | D:5      | Found a radiant altar of Vehumet.
  3649 | D:5      | Found a glowing golden altar of the Shining One.
  3782 | D:5      | Reached skill level 5 in Fighting
  4222 | D:6      | Noticed Menkaure
  4230 | D:6      | Killed Menkaure
  4230 | D:6      | Reached skill level 10 in Unarmed Combat
  4605 | D:6      | Found Gasoaf's Book Shop.
  5040 | D:6      | Reached XP level 9. HP: 80/89 MP: 8/8
  5285 | D:7      | Found a staircase to the Ecumenical Temple.
  5295 | D:7      | Reached skill level 11 in Unarmed Combat
  5300 | Temple   | Entered the Ecumenical Temple
  5312 | Temple   | Became a worshipper of Warmaster Okawaru
  5312 | Temple   | Reached * piety under Okawaru
  5312 | Temple   | Reached ** piety under Okawaru
  5374 | D:7      | Found a runed door.
  5376 | D:7      | Found a basalt altar of Yredelemnul.
  5491 | D:7      | Reached skill level 1 in Invocations
  5619 | D:7      | Reached *** piety under Okawaru
  5664 | D:7      | Reached skill level 12 in Unarmed Combat
  6129 | D:8      | Reached XP level 10. HP: 65/100 MP: 10/10
  6219 | D:8      | Noticed Joseph
  6236 | D:8      | Killed Joseph
  6385 | D:8      | Found a burning altar of Makhleb.
  6391 | D:8      | Reached **** piety under Okawaru
  6581 | D:8      | Found a white marble altar of Elyvilon.
  6622 | D:8      | Found Odicoroi's Armour Boutique.
  6705 | D:8      | Found a stormy altar of Qazlal.
  7214 | D:9      | Reached skill level 13 in Unarmed Combat
  7306 | D:9      | Noticed a centaur warrior
  7319 | D:9      | Killed a centaur warrior
  7484 | D:9      | Got a slimy quarterstaff
  7485 | D:9      | Identified the +6 quarterstaff of Conflict {freeze, rC+ Int+2 Dex+4} (You found it on level 9 of the Dungeon)
  7618 | D:9      | Found a staircase to the Lair.
  7866 | D:9      | Found Zarugun's Antique Armour Shop.
  7874 | D:9      | Bought a runed cloak for 103 gold pieces
  8003 | D:10     | Entered Level 10 of the Dungeon
  8003 | D:10     | Found Nustyewn's Distillery.
  8003 | D:10     | Noticed a hill giant
  8007 | D:10     | Killed a hill giant
  8027 | D:10     | Bought a potion of might for 56 gold pieces
  8027 | D:10     | Bought a potion of resistance for 140 gold pieces
  8040 | D:10     | Reached ***** piety under Okawaru
  8222 | D:10     | Reached XP level 11. HP: 110/110 MP: 12/12
  8284 | D:10     | Noticed Gastronok
  8375 | D:10     | Killed Gastronok
  8375 | D:10     | Reached skill level 14 in Unarmed Combat
  8488 | D:10     | Noticed Urug
  8504 | D:10     | Killed Urug
  8504 | D:10     | Received a gift from Okawaru
  9165 | D:11     | Found Vymm's Gadget Boutique.
  9165 | D:11     | Noticed a hill giant
  9176 | D:11     | Killed a hill giant
  9194 | D:11     | Noticed a hill giant
  9207 | D:11     | Killed a hill giant
  9796 | D:12     | Reached skill level 15 in Unarmed Combat
  9962 | D:12     | Reached skill level 5 in Dodging
 10004 | D:12     | Killed an unseen horror
 10004 | D:12     | Reached XP level 12. HP: 109/121 MP: 13/13
 10043 | D:12     | Found a staircase to the Orcish Mines.
 10958 | D:13     | Reached ****** piety under Okawaru
 11049 | D:13     | Received a gift from Okawaru
 11050 | D:13     | Got a jade-encrusted steam dragon armour {god gift}
 11075 | D:13     | Identified the +0 steam dragon armour "Domue" {rN+ MR+ MP-9 Int+4} (Okawaru gifted it to you on level 13 of the Dungeon)
 11131 | D:13     | Reached skill level 16 in Unarmed Combat
 11454 | D:13     | Noticed a centaur warrior
 11630 | D:13     | Killed a centaur warrior
 11966 | D:14     | Found a portal to a secret trove of treasure.
 12399 | D:14     | Noticed a seven-headed hydra
 12525 | D:14     | Killed a nine-headed hydra
 12605 | D:14     | Reached XP level 13. HP: 119/132 MP: 14/14
 12621 | D:14     | Noticed Agnes
 12823 | D:14     | Killed Agnes
 12823 | D:14     | Reached skill level 10 in Fighting
 13008 | D:14     | Reached skill level 17 in Unarmed Combat
 13190 | D:14     | Received a gift from Okawaru
 13345 | D:14     | Noticed a four-headed hydra
 13353 | D:14     | Killed an eight-headed hydra
 13378 | D:14     | Found a gate to the Vaults.
 13470 | D:14     | Noticed Kirke
 13488 | D:14     | Killed Kirke
 13488 | D:14     | Received a gift from Okawaru
 13912 | D:15     | Entered Level 15 of the Dungeon
 13925 | D:15     | Found Zil Raa's Antique Armour Emporium.
 14070 | D:15     | Found Soshois's Distillery.
 14080 | D:15     | Bought a potion of heal wounds for 70 gold pieces
 14080 | D:15     | Bought a potion of heal wounds for 70 gold pieces
 14127 | D:15     | Found Kejomn's Jewellery Shop.
 14198 | D:15     | Found a staircase to the Depths.
 14396 | D:15     | Reached skill level 18 in Unarmed Combat
 14475 | D:15     | Found Unaowao's Jewellery Shop.
 14481 | D:15     | Got a sparkling silver amulet
 15106 | D:12     | Reached XP level 14. HP: 144/144 MP: 15/15
 15255 | Lair:1   | Entered Level 1 of the Lair of Beasts
 15424 | Lair:1   | Identified the amulet of the Firefly {rMut MR- Int-2 Dex+4 Stlth+} (You found it on level 15 of the Dungeon)
 15511 | Lair:1   | Received a gift from Okawaru
 17715 | Lair:3   | Found a staircase to the Shoals.
 17882 | Lair:3   | Received a gift from Okawaru
 18313 | Lair:4   | Noticed Maud
 18327 | Lair:4   | Killed Maud
 18428 | Lair:4   | Reached skill level 19 in Unarmed Combat
 19020 | Lair:5   | Found a labyrinth entrance.
 19083 | Lab      | Entered a labyrinth
 19332 | Lab      | Got a transparent platinum ring
 19345 | Lair:5   | Identified the ring "Holuur" {SustAt rC+ Str+5} (You took it off a minotaur in a labyrinth)
 19745 | Lair:5   | Found a hole to the Spider Nest.
 20514 | Lair:6   | Received a gift from Okawaru
 20664 | Lair:6   | Reached XP level 15. HP: 140/154 MP: 11/16
 21319 | Lair:7   | Found a staircase to the Slime Pits.
 21584 | Lair:7   | Reached skill level 20 in Unarmed Combat
 22149 | Lair:8   | Entered Level 8 of the Lair of Beasts
 22552 | Lair:8   | Received a gift from Okawaru
 23633 | Lair:8   | Paralysed by a wasp for 1 turns
 23663 | Lair:8   | Got a bound golden amulet
 23667 | Lair:8   | Identified the amulet "Kem Wisa" {Inacc Int+3} (You found it on level 8 of the Lair of Beasts)
 24489 | Orc:1    | Entered Level 1 of the Orcish Mines
 25648 | Orc:2    | Reached skill level 10 in Dodging
 26212 | Orc:4    | Entered Level 4 of the Orcish Mines
 26577 | Orc:3    | Found a roughly hewn altar of Beogh.
 26864 | Orc:4    | Received a gift from Okawaru
 26879 | Orc:4    | Got a distressingly furry cloak {god gift}
 26885 | Orc:4    | Identified the +0 cloak "Mommet" {-Cast +Blink rN+++ Regen+} (Okawaru gifted it to you on level 4 of the Orcish Mines)
 26936 | Orc:4    | Reached skill level 1 in Shields
 27093 | Orc:4    | Found a staircase to the Elven Halls.
 27159 | Orc:4    | Paralysed by an orc sorcerer for 7 turns
 27385 | Orc:4    | Reached XP level 16. HP: 134/165 MP: 17/17
 27398 | Orc:4    | Reached skill level 1 in Armour
 27404 | Orc:4    | Found a roughly hewn altar of Beogh.
 27500 | Orc:4    | Found Ladatucka's Gadget Shop.
 27508 | Orc:4    | Reached skill level 21 in Unarmed Combat
 27547 | Orc:4    | Found Qixeikana's Antique Armour Shoppe.
 27771 | Orc:4    | Found a roughly hewn altar of Beogh.
 27874 | Orc:4    | Found Lirraott's Magic Scroll Boutique.
 27889 | Orc:4    | Bought a scroll of identify for 34 gold pieces
 27889 | Orc:4    | Bought a scroll of blinking for 127 gold pieces
 27895 | Orc:4    | Found Ciemoh's Antique Armour Shop.
 28609 | D:15     | Bought the ring "Zopapeh" {rF++ Dex+2 SInv} for 437 gold pieces
 28609 | D:15     | Bought the amulet of Vitality {Regen+ HP+15} for 370 gold pieces
 29135 | Spider:1 | Entered Level 1 of the Spider Nest
 30451 | Spider:1 | Received a gift from Okawaru
 31217 | Spider:2 | Received a gift from Okawaru
 31590 | Spider:2 | Reached skill level 5 in Shields
 31740 | Spider:2 | Reached skill level 5 in Armour
 32360 | Spider:3 | Reached XP level 17. HP: 127/175 MP: 18/18
 32557 | Spider:3 | Received a gift from Okawaru
 32913 | Spider:4 | Entered Level 4 of the Spider Nest
 33542 | Spider:4 | Paralysed by a hornet for 3 turns
 33858 | Spider:4 | Received a gift from Okawaru
 33874 | Spider:4 | Reached skill level 22 in Unarmed Combat
 34057 | Spider:4 | Got a gossamer rune of Zot
 34627 | Shoals:1 | Entered Level 1 of the Shoals
 34641 | Shoals:1 | Received a gift from Okawaru
 34652 | Shoals:1 | Got an ancient robe {god gift}
 34663 | Shoals:1 | Identified the +4 robe of the Elven Halls {rC+} (Okawaru gifted it to you on level 1 of the Shoals)
 35768 | Shoals:2 | Reached XP level 18. HP: 167/184 MP: 19/19
 36294 | Shoals:3 | Noticed Roxanne
 36325 | Shoals:3 | Killed Roxanne
 36330 | Shoals:3 | Identified Roxanne's Catalogue of the Rocks and Shape Shifting (You took it off Roxanne on level 3 of the Shoals)
 36468 | Shoals:3 | Noticed Jorgrun
 36474 | Shoals:3 | Killed Jorgrun
 36852 | Shoals:4 | Entered Level 4 of the Shoals
 37098 | Shoals:4 | Noticed Ilsuiw
 37199 | Shoals:4 | Received a gift from Okawaru
 37209 | Shoals:4 | Killed Ilsuiw
 37225 | Shoals:4 | Got a shimmering hunting sling {god gift}
 37226 | Shoals:4 | Identified the +0 hunting sling of Kangeffo {velocity, Dex+3} (Okawaru gifted it to you on level 4 of the Shoals)
 37955 | Shoals:4 | Noticed Nikola
 38121 | Shoals:4 | Killed Nikola
 38209 | Shoals:4 | Reached skill level 23 in Unarmed Combat
 38338 | Shoals:4 | Got a barnacled rune of Zot
 39171 | Depths:1 | Entered Level 1 of the Depths
 39171 | Depths:1 | Found a gateway to Hell.
 39242 | Depths:1 | Received a gift from Okawaru
 39754 | Depths:1 | Reached XP level 19. HP: 162/193 MP: 20/20
 39762 | Depths:1 | Noticed Louise
 39765 | Depths:1 | Found a one-way gate to the infinite horrors of the Abyss.
 39771 | Depths:1 | Killed Louise
 40164 | Depths:2 | Noticed Sojobo
 40171 | Depths:2 | Found Qerghu's Book Boutique.
 40444 | Depths:2 | Noticed Mara
 41117 | Depths:1 | Received a gift from Okawaru
 41286 | Depths:2 | Killed Sojobo
 41341 | Depths:2 | Noticed Senshi's illusion
 41374 | Depths:2 | Killed Mara
 41486 | Depths:2 | Identified the Grimoire of Moulding
 41668 | Depths:2 | Reached skill level 5 in Invocations
 41735 | Depths:2 | Noticed Aizul
 41747 | Depths:2 | Killed Aizul
 41759 | Depths:2 | Reached skill level 10 in Armour
 41953 | Depths:3 | Noticed Saint Roka
 42024 | Depths:3 | Found a radiant altar of Vehumet.
 42389 | Depths:3 | Reached skill level 24 in Unarmed Combat
 42627 | Depths:3 | Found a one-way gate leading to the halls of Pandemonium.
 42762 | Depths:3 | Reached XP level 20. HP: 152/204 MP: 15/23
 42873 | Depths:3 | Received a gift from Okawaru
 43135 | Depths:3 | Paralysed by a great orb of eyes for 3 turns
 43249 | Depths:3 | Killed Saint Roka
 43481 | Depths:3 | Gained mutation: You are occasionally teleported to nearby monsters. [a shining eye]
 43488 | Depths:3 | Gained mutation: Your body sometimes deteriorates upon taking damage. [a shining eye]
 44344 | Depths:4 | Reached skill level 25 in Unarmed Combat
 44424 | Depths:4 | Received a gift from Okawaru
 44707 | Depths:4 | Reached XP level 21. HP: 214/214 MP: 17/25
 45790 | Orc:4    | Bought a scroll of identify for 34 gold pieces
 45790 | Orc:4    | Bought a scroll of identify for 34 gold pieces
 45790 | Orc:4    | Bought 2 scrolls of identify for 68 gold pieces
 45790 | Orc:4    | Bought a scroll of identify for 34 gold pieces
 46120 | Vaults:1 | Entered Level 1 of the Vaults
 46120 | Vaults:1 | Found Wimoih's Distillery.
 46128 | Vaults:1 | Bought a potion of heal wounds for 80 gold pieces
 46377 | Vaults:1 | Noticed Frances
 46386 | Vaults:1 | Killed Frances
 46933 | Vaults:1 | Found Raon's Antique Armour Shoppe.
 46935 | Vaults:1 | Found Xufazufy's Assorted Antiques.
 47122 | Vaults:1 | Found Ziyhixto's Book Shop.
 47446 | Vaults:2 | Noticed Wiglaf
 47453 | Vaults:2 | Killed Wiglaf
 47513 | Vaults:2 | Received a gift from Okawaru
 47614 | Vaults:2 | Found Xexurcho's Armour Emporium.
 47664 | Vaults:2 | Received a gift from Okawaru
 48505 | Vaults:2 | Reached skill level 26 in Unarmed Combat
 48564 | Vaults:2 | Noticed Donald
 48604 | Vaults:2 | Killed Donald
 48976 | Vaults:2 | Cast into the Abyss (a Zot trap)
 49052 | Abyss:1  | Gained mutation: Your body often deteriorates upon taking damage. [a neqoxec]
 49055 | Abyss:1  | Gained mutation: You are somewhat resistant to further mutation. [a neqoxec]
 49075 | Abyss:1  | Paralysed by accursed screaming for 2 turns
 49081 | Abyss:1  | Paralysed by accursed screaming for 2 turns
 49086 | Abyss:1  | Lost mutation: Your body often deteriorates upon taking damage. [potion of cure mutation]
 49197 | Vaults:2 | Escaped the Abyss
 49218 | Vaults:2 | Lost mutation: Your body sometimes deteriorates upon taking damage. [potion of cure mutation]
 49218 | Vaults:2 | Lost mutation: You are somewhat resistant to further mutation. [potion of cure mutation]
 49218 | Vaults:2 | Lost mutation: You are occasionally teleported to nearby monsters. [potion of cure mutation]
 49789 | Vaults:3 | Received a gift from Okawaru
 49795 | Vaults:3 | Reached XP level 22. HP: 198/226 MP: 26/26
 49870 | Vaults:3 | Noticed Mennas
 49913 | Vaults:3 | Killed Mennas
 49940 | Vaults:3 | Found a staircase to the Crypt.
 50225 | Vaults:3 | Reached skill level 15 in Fighting
 51594 | Vaults:4 | Received a gift from Okawaru
 51843 | Vaults:4 | Reached skill level 27 in Unarmed Combat
 52076 | Vaults:4 | Found an opulent altar of Gozag.
 52080 | Vaults:4 | Found Gozag's Antique Armour Shoppe.
 52085 | Vaults:4 | Found Gozag's Antique Armour Emporium.
 52093 | Vaults:4 | Found Gozag's Assorted Antiques.
 52114 | Vaults:4 | Found Utyupum's Antique Weapon Boutique.
 52538 | Vaults:5 | Entered Level 5 of the Vaults
 52567 | Vaults:4 | Reached skill level 10 in Shields
 52882 | Vaults:4 | Reached XP level 23. HP: 186/236 MP: 27/27
 53061 | Vaults:5 | Gained mutation: You are somewhat resistant to further mutation. [potion of beneficial mutation]
 53100 | Vaults:5 | Received a gift from Okawaru
 53171 | Vaults:5 | Identified the Almanac of Cold
 53437 | Vaults:4 | Received a gift from Okawaru
 53751 | Vaults:5 | Noticed an ancient lich
 53763 | Vaults:5 | Killed an ancient lich
 53894 | Vaults:5 | Identified Sif Muna's Reference Book on Conjuration and Transmigration
 53916 | Vaults:5 | Identified the Handbook of Necromancy (You found it on level 5 of the Vaults)
 53992 | Vaults:5 | Got a twitching marble ring
 53993 | Vaults:5 | Identified the ring of Xesu {Wiz Int+4 Dex+4} (You took it off a deep elf priest on level 5 of the Vaults)
 54148 | Vaults:5 | Received a gift from Okawaru
 54522 | Vaults:5 | Got a silver rune of Zot
 54659 | Vaults:5 | Reached XP level 24. HP: 249/249 MP: 27/27
 54824 | Vaults:5 | Identified Kaclabeu's Tome of Supportive Necromancy (You found it on level 5 of the Vaults)
 55543 | Depths:5 | Entered Level 5 of the Depths
 55543 | Depths:5 | Found Racot's Assorted Antiques.
 55613 | Depths:5 | Received a gift from Okawaru
 55643 | Depths:5 | Found a flickering gateway to a bazaar.
 55678 | Bazaar   | Entered a bazaar
 55678 | Bazaar   | Found Gewnoh's Armour Emporium.
 55678 | Bazaar   | Found Riuxtiyr's Armour Shoppe.
 55678 | Bazaar   | Found Dinap's Antique Armour Shoppe.
 55678 | Bazaar   | Found Fimpabb's Gadget Emporium.
 55678 | Bazaar   | Found Giob's Distillery.
 55696 | Bazaar   | Bought a potion of curing for 24 gold pieces
 55696 | Bazaar   | Bought a potion of haste for 80 gold pieces
 55696 | Bazaar   | Bought a potion of haste for 80 gold pieces
 55696 | Bazaar   | Bought a potion of heal wounds for 40 gold pieces
 55704 | Bazaar   | Bought an embroidered hat for 112 gold pieces
 55804 | Depths:5 | Noticed Margery
 55828 | Depths:5 | Killed Margery
 55847 | Depths:5 | Found a gateway to a ziggurat.
 55913 | Depths:5 | Found Bela's Weapon Shop.
 56016 | Depths:5 | Found Esaas's Jewellery Shop.
 56739 | Depths:5 | Noticed a juggernaut
 56752 | Depths:5 | Killed a juggernaut
 57613 | Elf:1    | Entered Level 1 of the Elven Halls
 57781 | Elf:1    | Reached skill level 15 in Shields
 58057 | Elf:1    | Identified the Tome of Bread
 58275 | Elf:1    | You fall through a shaft!
 58278 | Elf:2    | Received a gift from Okawaru
 58399 | Elf:2    | Found a runed gate.
 58399 | Elf:2    | Found a runed gate.
 58400 | Elf:2    | Found a runed gate.
 59324 | Elf:3    | Entered Level 3 of the Elven Halls
 60051 | Elf:3    | Reached XP level 25. HP: 263/263 MP: 27/27
 60056 | Elf:3    | Received a gift from Okawaru
 60065 | Elf:3    | Gained mutation: Your magical capacity is low (-10% MP). [a cacodemon]
 60562 | Elf:3    | Received a gift from Okawaru
 60857 | Elf:3    | Got a translucent emerald amulet
 61042 | Elf:3    | Identified the amulet "Ubemn" {rCorr MP+9 Str+2 Int-3 Slay+6} (You took it off a deep elf fighter on level 3 of the Elven Halls)
 61046 | Elf:3    | Got a crude platinum ring
 61047 | Elf:3    | Identified the ring of Yfenuoc {Int+2 Stlth-} (You found it on level 3 of the Elven Halls)
 61052 | Elf:3    | Got a scorched iron amulet
 61053 | Elf:3    | Identified the amulet of Jakk {Inacc Str+3} (You found it on level 3 of the Elven Halls)
 61501 | Hell     | Entered the Vestibule of Hell
 61501 | Hell     | Noticed Geryon
 61550 | Hell     | Killed Geryon
 61585 | Hell     | Reached skill level 15 in Armour
 61706 | Hell     | Found a gateway to the Iron City of Dis.
 61820 | Hell     | Found a gateway to the freezing wastes of Cocytus.
 61905 | Hell     | Found a gateway to the decaying netherworld of Tartarus.
 61915 | Hell     | Received a gift from Okawaru
 61982 | Hell     | Found a gateway to the ashen valley of Gehenna.
 62592 | Slime:1  | Entered Level 1 of the Pits of Slime
 62623 | Slime:1  | Gained mutation: Your spells are a little easier to cast, but a little less powerful. [a shining eye]
 62628 | Slime:1  | Gained mutation: Your body sometimes deteriorates upon taking damage. [a shining eye]
 62634 | Slime:1  | Gained mutation: You are dopey. (Int -2) [a shining eye]
 63076 | Slime:2  | Gained mutation: Armour fits poorly on your strangely shaped body. [a shining eye]
 63083 | Slime:2  | Gained mutation: Your spells are easier to cast, but less powerful. [a shining eye]
 64301 | Vaults:1 | Bought a potion of cure mutation for 560 gold pieces
 64301 | Vaults:1 | Bought a potion of cure mutation for 560 gold pieces
 64301 | Vaults:1 | Lost mutation: Armour fits poorly on your strangely shaped body. [potion of cure mutation]
 64301 | Vaults:1 | Lost mutation: Your body sometimes deteriorates upon taking damage. [potion of cure mutation]
 64301 | Vaults:1 | Lost mutation: You are dopey. (Int -2) [potion of cure mutation]
 64301 | Vaults:1 | Lost mutation: Your magical capacity is low (-10% MP). [potion of cure mutation]
 64302 | Vaults:1 | Lost mutation: You are somewhat resistant to further mutation. [potion of cure mutation]
 64302 | Vaults:1 | Lost mutation: Your spells are easier to cast, but less powerful. [potion of cure mutation]
 64302 | Vaults:1 | Lost mutation: Your spells are a little easier to cast, but a little less powerful. [potion of cure mutation]
 66430 | Slime:6  | Entered Level 6 of the Pits of Slime
 66448 | Slime:6  | Reached XP level 26. HP: 281/281 MP: 27/27
 66453 | Slime:6  | Received a gift from Okawaru
 66817 | Slime:6  | Noticed the royal jelly
 66825 | Slime:6  | Killed the royal jelly
 67075 | Slime:6  | Got a slimy rune of Zot
 67086 | Slime:6  | Gained mutation: You can breathe flames. [potion of beneficial mutation]
 67104 | Slime:6  | Got a transparent shield
 67110 | Slime:6  | Identified the cursed +0 shield of the Moon {Dex+4} (You found it on level 6 of the Pits of Slime)
 67253 | Slime:6  | Identified the Handbook of Changing
 68516 | D:5      | Fell from the grace of Okawaru
 68516 | D:5      | Became a worshipper of the Shining One
 69065 | Crypt:1  | Entered Level 1 of the Crypt
 69152 | Crypt:1  | Reached * piety under the Shining One
 69480 | Crypt:1  | Reached ** piety under the Shining One
 69683 | Crypt:1  | Reached *** piety under the Shining One
 70217 | Crypt:2  | Reached **** piety under the Shining One
 70837 | Crypt:3  | Entered Level 3 of the Crypt
 70837 | Crypt:3  | Noticed Boris
 70847 | Crypt:3  | Killed Boris
 70892 | Crypt:3  | Reached ***** piety under the Shining One
 71068 | Crypt:3  | Found an ancient bone altar of Kikubaaqudgha.
 71083 | Crypt:3  | Found a basalt altar of Yredelemnul.
 71104 | Crypt:3  | Reached skill level 10 in Invocations
 71156 | Crypt:3  | Reached ****** piety under the Shining One
 71541 | Crypt:3  | Found a staircase to the Tomb.
 71962 | Tomb:1   | Entered Level 1 of the Tomb of the Ancients
 72163 | Tomb:1   | Reached XP level 27. HP: 261/290 MP: 31/31
 73317 | Crypt:1  | Was forgiven by Okawaru
 73616 | Vaults:4 | Bought a scroll of enchant armour for 750 gold pieces
 74094 | Depths:5 | Found a gate to the Realm of Zot.
 74103 | Zot:1    | Entered Level 1 of the Realm of Zot
 77980 | Zot:5    | Entered Level 5 of the Realm of Zot
 78804 | Zot:5    | Noticed an ancient lich
 78825 | Zot:5    | Killed an ancient lich
 78828 | Zot:5    | Noticed an orb of fire
 78839 | Zot:5    | Killed an orb of fire
 78840 | Zot:5    | Noticed an orb of fire
 78848 | Zot:5    | Gained mutation: You occasionally shout uncontrollably at your foes. [an orb of fire]
 78857 | Zot:5    | Killed an orb of fire
 78943 | Zot:5    | Noticed an ancient lich
 78955 | Zot:5    | Killed an ancient lich
 79057 | Zot:5    | Noticed an orb of fire
 79057 | Zot:5    | Gained mutation: You are dopey. (Int -2) [an orb of fire]
 79057 | Zot:5    | Gained mutation: Scrolls take you a little longer to read. [an orb of fire]
 79070 | Zot:5    | Noticed an ancient lich
 79079 | Zot:5    | Killed an ancient lich
 79165 | Zot:5    | Gained mutation: You are clumsy. (Dex -2) [an orb of fire]
 79175 | Zot:5    | Killed an orb of fire
 79319 | Zot:5    | Noticed an orb of fire
 79323 | Zot:5    | Gained mutation: You are frail (-10% HP). [an orb of fire]
 79325 | Zot:5    | Gained mutation: Armour fits poorly on your strangely shaped body. [an orb of fire]
 79327 | Zot:5    | Gained mutation: You are very frail (-20% HP). [an orb of fire]
 79330 | Zot:5    | Killed an orb of fire
 79413 | Zot:5    | Noticed an ancient lich
 79433 | Zot:5    | Killed an ancient lich
 79463 | Zot:5    | Noticed an ancient lich
 79471 | Zot:5    | Killed an ancient lich
 79580 | Zot:5    | Noticed an orb of fire
 79584 | Zot:5    | Gained mutation: Your magical capacity is low (-10% MP). [an orb of fire]
 79588 | Zot:5    | Gained mutation: You are weak. (Str -2) [an orb of fire]
 79594 | Zot:5    | Killed an orb of fire
 79657 | Zot:5    | Noticed an orb of fire
 79663 | Zot:5    | Gained mutation: Scrolls take you longer to read. [an orb of fire]
 79666 | Zot:5    | Killed an orb of fire
 79670 | Zot:5    | Noticed an orb of fire
 79678 | Zot:5    | Killed an orb of fire
 79766 | Zot:5    | Noticed an orb of fire
 79766 | Zot:5    | Gained mutation: Your body sometimes deteriorates upon taking damage. [an orb of fire]
 79767 | Zot:5    | Noticed an orb of fire
 79777 | Zot:5    | Gained mutation: Your magical capacity is very low (-20% MP). [an orb of fire]
 79787 | Zot:5    | Killed an orb of fire
 79796 | Zot:5    | Gained mutation: You are extremely frail (-30% HP). [an orb of fire]
 79803 | Zot:5    | Killed an orb of fire
 81255 | Tomb:1   | Lost mutation: Your body sometimes deteriorates upon taking damage. [potion of cure mutation]
 81255 | Tomb:1   | Lost mutation: You are clumsy. (Dex -2) [potion of cure mutation]
 81255 | Tomb:1   | Lost mutation: Armour fits poorly on your strangely shaped body. [potion of cure mutation]
 81255 | Tomb:1   | Lost mutation: You are dopey. (Int -2) [potion of cure mutation]
 81255 | Tomb:1   | Lost mutation: Scrolls take you longer to read. [potion of cure mutation]
 82110 | Tomb:2   | Gained mutation: You passively map a small area around you. [potion of mutation]
 83846 | Tomb:2   | Lost intelligence.
 84074 | Tomb:3   | Entered Level 3 of the Tomb of the Ancients
 84372 | Tomb:3   | Noticed an ancient lich
 84391 | Tomb:2   | Reached skill level 27 in Fighting
 84661 | Tomb:2   | Killed an ancient lich
 85274 | Tomb:3   | Got a golden rune of Zot
 85555 | Tomb:3   | Identified the Grimoire of Earthen Transmigration
 85558 | Tomb:3   | Got a bound copper amulet
 85569 | Tomb:3   | Identified Iskenderun's Grimoire of Confrontation
 85618 | Tomb:3   | Got a heavily runed tin ring
 85621 | Tomb:3   | Identified the ring "Lioffuad" {+Fly rN+ MP+9 Slay+3} (You found it on level 3 of the Tomb of the Ancients)
 85623 | Tomb:3   | Identified the amulet of Elyvilon's Regard {rMut rElec rF+} (You found it on level 3 of the Tomb of the Ancients)
 86331 | Vaults:3 | Identified an uncursed giant spiked club of holy wrath (a giant spiked club blessed by the Shining One)
 86331 | Vaults:3 | Received a gift from the Shining One
 87555 | Depths:1 | Voluntarily entered the Abyss.
 87555 | Abyss:1  | Found a corrupted altar of Lugonu.
 87591 | Abyss:1  | Reached skill level 1 in Maces & Flails
 87662 | Abyss:1  | Found an opulent altar of Gozag.
 88119 | Abyss:1  | Reached skill level 5 in Maces & Flails
 88174 | Abyss:1  | Found a corrupted altar of Lugonu.
 88770 | Abyss:3  | Found a runed door.
 88770 | Abyss:3  | Found a runed door.
 88790 | Abyss:3  | Paralysed by accursed screaming for 1 turns
 88854 | Abyss:3  | Found a runed door.
 88860 | Abyss:3  | Got an abyssal rune of Zot
 88877 | Abyss:4  | Found a corrupted altar of Lugonu.
 88942 | Abyss:4  | Reached skill level 10 in Maces & Flails
 89061 | Abyss:4  | Gained mutation: Armour fits poorly on your strangely shaped body. [a neqoxec]
 89069 | Abyss:4  | Found a runed door.
 89071 | Abyss:4  | Gained mutation: You are occasionally teleported to nearby monsters. [a neqoxec]
 89259 | Depths:1 | Escaped the Abyss
 89333 | Depths:2 | Lost mutation: You are extremely frail (-30% HP). [potion of mutation]
 89397 | Depths:3 | Gained mutation: You evolve. [potion of mutation]
 89398 | Depths:3 | Gained mutation: You are dopey. (Int -2) [potion of mutation]
 89398 | Depths:3 | Lost mutation: You are very frail (-20% HP). [potion of mutation]
 89663 | Vaults:2 | Lost mutation: You are dopey. (Int -2) [potion of mutation]
 89663 | Vaults:2 | Gained mutation: Your magical capacity is extremely low (-30% MP). [potion of mutation]
 90067 | Zot:2    | Lost mutation: Armour fits poorly on your strangely shaped body. [potion of mutation]
 90068 | Zot:2    | Lost mutation: You evolve. [potion of mutation]
 90243 | Tar:1    | Entered Level 1 of Tartarus
 90641 | Tar:5    | You fall through a shaft!
 90658 | Tar:7    | Entered Level 7 of Tartarus
 91101 | Tar:7    | Noticed Ereshkigal
 91262 | Tar:7    | Killed Ereshkigal
 91262 | Tar:7    | Reached skill level 15 in Maces & Flails
 91367 | Tar:7    | Identified the Disquisition on Freezing Conjuration
 91370 | Tar:7    | Got a bone rune of Zot
 91504 | Dis:1    | Entered Level 1 of the Iron City of Dis
 92368 | Dis:4    | You fall through a shaft for 2 floors!
 92685 | Dis:7    | Entered Level 7 of the Iron City of Dis
 92941 | Dis:7    | Noticed the Serpent of Hell
 92966 | Dis:7    | Killed the Serpent of Hell
 93051 | Dis:7    | Noticed Dispater
 93293 | Dis:7    | Killed Dispater
 93566 | Dis:7    | Got an iron rune of Zot
 93589 | Dis:7    | Got a coiled turquoise ring
 93597 | Dis:7    | Identified the ring "Esoiliaj" {+Blink rN+ Str+6 Dex+2 Stlth+} (You found it on level 7 of the Iron City of Dis)
 93777 | Geh:1    | Entered Level 1 of Gehenna
 94320 | Geh:7    | Entered Level 7 of Gehenna
 94506 | Geh:7    | HP: 12/287 [hellion/burst of hellfire (33)]
 94829 | Geh:7    | Noticed Asmodeus
 94842 | Geh:7    | Killed Asmodeus
 94909 | Geh:7    | Got an obsidian rune of Zot
 95119 | Pan      | Entered Pandemonium
 95180 | Pan      | Gained mutation: Scrolls take you longer to read. [a neqoxec]
 95428 | Pan      | Found an exit through the horrors of the Abyss.
 95521 | Pan      | Gained mutation: You are resistant to hostile enchantments. [potion of beneficial mutation]
 95666 | Pan      | Noticed Vetohec the pandemonium lord
 95690 | Pan      | Killed Vetohec the pandemonium lord
 96293 | Pan      | Found an exit through the horrors of the Abyss.
 96584 | Pan      | Gained mutation: Your spells are a little easier to cast, but a little less powerful. [a cacodemon]
 96633 | Pan      | Paralysed by accursed screaming for 1 turns
 96862 | Pan      | Noticed Tap Gie the pandemonium lord
 96883 | Pan      | Killed Tap Gie the pandemonium lord
 96957 | Pan      | Got a demonic rune of Zot
 97093 | Pan      | Noticed Uqedifas the pandemonium lord
 97114 | Pan      | Killed Uqedifas the pandemonium lord
 97490 | Pan      | Noticed Unaliullukh the pandemonium lord
 97503 | Pan      | Killed Unaliullukh the pandemonium lord
 97695 | Pan      | Noticed Zeerphefa the pandemonium lord
 97735 | Pan      | Killed Zeerphefa the pandemonium lord
 98030 | Pan      | Entered the realm of Cerebov.
 98208 | Pan      | Found an exit through the horrors of the Abyss.
 98431 | Pan      | Noticed Cerebov
 98464 | Pan      | Killed Cerebov
 98586 | Pan      | Got a fiery rune of Zot
 98808 | Pan      | Entered the realm of Lom Lobon.
 98830 | Pan      | Found an exit through the horrors of the Abyss.
 98878 | Pan      | Got a shimmering lapis lazuli ring
 99247 | Pan      | Noticed Lom Lobon
 99260 | Pan      | Killed Lom Lobon
 99383 | Pan      | Got a magical rune of Zot
 99559 | Pan      | Gained mutation: Potions and wands are less effective at restoring your health. [a cacodemon]
 99640 | Pan      | Entered the realm of Gloorx Vloq.
 99714 | Pan      | Identified the ring "Qonol" {rC+ Dex+7} (You found it in Pandemonium)
 99988 | Pan      | Found an exit through the horrors of the Abyss.
100277 | Pan      | Noticed Gloorx Vloq
100323 | Pan      | Killed Gloorx Vloq
100476 | Pan      | Got a dark rune of Zot
100810 | Pan      | Found a runed door.
100857 | Pan      | Noticed Fitubbuq the pandemonium lord
100870 | Pan      | Killed Fitubbuq the pandemonium lord
100898 | Pan      | Found a gateway to a ziggurat.
101086 | Pan      | Found an exit through the horrors of the Abyss.
101145 | Pan      | Identified the Compendium of Dislocated Hexes (You found it in Pandemonium)
101148 | Pan      | Identified a scroll of acquirement
101174 | Pan      | Found an exit through the horrors of the Abyss.
101350 | Pan      | Noticed Zuugh the pandemonium lord
101357 | Pan      | Killed Zuugh the pandemonium lord
101755 | Pan      | Noticed Heajeo the pandemonium lord
101760 | Pan      | Lost mutation: You can breathe flames. [potion of mutation]
101760 | Pan      | Lost mutation: You are weak. (Str -2) [potion of mutation]
101773 | Pan      | Found an exit through the horrors of the Abyss.
102001 | Pan      | Noticed Jodenk the pandemonium lord
102014 | Pan      | Killed Jodenk the pandemonium lord
102053 | Pan      | Found a gateway to a ziggurat.
102064 | Pan      | Paralysed by a giant eyeball for 4 turns
102115 | Pan      | Found an exit through the horrors of the Abyss.
102223 | Pan      | Gained mutation: Your spells are easier to cast, but less powerful. [a neqoxec]
102318 | Pan      | Found an exit through the horrors of the Abyss.
102497 | Pan      | Gained mutation: You tend to lose your temper in combat. [a neqoxec]
102603 | Pan      | Noticed Equosk the pandemonium lord
102609 | Pan      | Killed Equosk the pandemonium lord
102855 | Pan      | Noticed Enon the pandemonium lord
102864 | Pan      | Killed Enon the pandemonium lord
102874 | Pan      | Reached skill level 15 in Dodging
102878 | Pan      | Found an exit through the horrors of the Abyss.
102882 | Pan      | Entered the realm of Mnoleg.
103069 | Pan      | Noticed Mnoleg
103092 | Pan      | Gained mutation: You are very frail (-20% HP). [a shining eye]
103097 | Pan      | Killed Mnoleg
103128 | Pan      | Lost mutation: You are occasionally teleported to nearby monsters. [mutagenic meat]
103163 | Pan      | Lost mutation: Your magical capacity is extremely low (-30% MP). [mutagenic meat]
103164 | Pan      | Gained mutation: You can breathe flames. [mutagenic meat]
103167 | Pan      | Lost mutation: You tend to lose your temper in combat. [mutagenic meat]
103169 | Pan      | Lost mutation: Scrolls take you longer to read. [mutagenic meat]
103172 | Pan      | Lost mutation: You occasionally shout uncontrollably at your foes. [mutagenic meat]
103176 | Pan      | Lost mutation: Potions and wands are less effective at restoring your health. [mutagenic meat]
103177 | Pan      | Lost mutation: Your spells are easier to cast, but less powerful. [mutagenic meat]
103180 | Pan      | Lost mutation: You are very frail (-20% HP). [mutagenic meat]
103181 | Pan      | Gained mutation: You expend magic power (3 MP) to strengthen your wands. [mutagenic meat]
103301 | Pan      | Found an exit through the horrors of the Abyss.
103305 | Pan      | Gained mutation: You are weak. (Str -2) [a cacodemon]
103571 | Pan      | Hired Begimac the merfolk for 278 gold.
103604 | Pan      | Paralysed by a giant eyeball for 2 turns
103620 | Pan      | Paralysed by a giant eyeball for 4 turns
103705 | Pan      | Gained mutation: You are dopey. (Int -2) [a cacodemon]
103758 | Pan      | Got a glowing rune of Zot
103763 | Pan      | Gained mutation: You are very weak. (Str -4) [a shining eye]
103820 | Pan      | Lost mutation: You are frail (-10% HP). [mutagenic meat]
103822 | Pan      | Lost mutation: You are very weak. (Str -4) [mutagenic meat]
103823 | Pan      | Gained mutation: You have large cloven feet. [mutagenic meat]
103827 | Pan      | Gained mutation: Scrolls take you longer to read. [a cacodemon]
104185 | Pan      | Took an exit into the Abyss.
104185 | Abyss:1  | Escaped into the Abyss
104198 | Depths:5 | Escaped the Abyss
104276 | Coc:1    | Entered Level 1 of Cocytus
104792 | Coc:7    | Entered Level 7 of Cocytus
105267 | Coc:7    | Noticed Antaeus
105782 | Coc:7    | Killed Antaeus
105792 | Coc:7    | Got an icy rune of Zot
105795 | Coc:7    | Got a slimy silver ring
105798 | Coc:7    | Identified the ring "Abiez" {rF+ rC+} (You found it on level 7 of Cocytus)
106342 | Zot:5    | Got the Orb of Zot
106539 | Depths:1 | Noticed Kalimir the pandemonium lord
106550 | Depths:1 | Killed Kalimir the pandemonium lord
106769 | D:10     | Noticed Toidweud the pandemonium lord
106773 | D:10     | Killed Toidweud the pandemonium lord
107008 | D:1      | Noticed Solonaps the pandemonium lord
107015 | D:1      | Killed Solonaps the pandemonium lord
107054 | D:$      | Escaped with the Orb!

Action                   |  1- 3 |  4- 6 |  7- 9 | 10-12 | 13-15 | 16-18 | 19-21 | 22-24 | 25-27 || total
-------------------------+-------+-------+-------+-------+-------+-------+-------+-------+-------++-------
Melee: Unarmed           |   111 |   108 |   260 |   668 |  1519 |  1747 |  1716 |  1764 |  5913 || 13806
       Giant spiked club |       |       |       |       |       |       |       |       |  1590 ||  1590
 Fire: Blowgun           |       |       |       |       |       |     3 |       |       |       ||     3
Throw: Tomahawk          |       |       |       |     1 |       |     3 |       |       |       ||     4
       Large rock        |       |       |       |       |       |     5 |     6 |       |     1 ||    12
Invok: Heroism           |       |       |       |    12 |    17 |    17 |    20 |    14 |     4 ||    84
       Finesse           |       |       |       |     2 |     8 |     8 |    13 |     9 |     3 ||    43
       Divine Shield     |       |       |       |       |       |       |       |       |    23 ||    23
       Summon Divine War |       |       |       |       |       |       |       |       |    48 ||    48
       Cleansing Flame   |       |       |       |       |       |       |       |       |    13 ||    13
       Brand Weapon With |       |       |       |       |       |       |       |       |     1 ||     1
 Abil: Evoke Teleportati |       |       |       |       |     3 |       |     1 |       |     1 ||     5
       Evoke Flight      |       |       |       |       |       |       |       |       |    13 ||    13
       Stop Flying       |       |       |       |       |       |       |       |       |     5 ||     5
Evoke: Wand              |       |       |       |       |       |     2 |       |     1 |    12 ||    15
       Deck              |       |       |       |       |       |       |       |       |    11 ||    11
  Use: Scroll            |       |       |       |    17 |    21 |    13 |    12 |    10 |    64 ||   137
       Potion            |       |       |       |     4 |     4 |     6 |    10 |     4 |    55 ||    83
 Stab: Sleeping          |     2 |       |     3 |     6 |    39 |    10 |     7 |     2 |       ||    69
       Distracted        |       |       |     1 |     2 |     6 |     6 |     3 |     6 |     2 ||    26
       Held in net/web   |       |       |       |       |     1 |     1 |       |       |       ||     2
  Eat: Chunk             |    12 |    11 |    38 |    64 |   111 |    89 |   101 |    78 |   248 ||   752
       Bread ration      |     1 |       |       |       |     2 |       |       |       |     2 ||     5
       Pizza             |       |       |       |       |     7 |     5 |       |     6 |     6 ||    24
       Royal jelly       |       |       |       |       |     3 |       |       |       |       ||     3
       Meat ration       |       |       |       |       |       |     6 |       |       |    36 ||    42
       Fruit             |       |       |       |       |       |       |       |     9 |    33 ||    42
       Beef jerky        |       |       |       |       |       |       |       |       |    24 ||    24
